 Dungeon Crawl Stone Soup version 0.29-a0-275-g389c0b56f3 (webtiles) character file.

Game seed: 13441286077899813766

121877 jt the Warrior (level 16, -2/118 HPs)
             Began as a Gargoyle Fighter on Mar 12, 2022.
             Was the Champion of Wu Jian.
             Slain by a merfolk
             ... wielding a +0 trident
              (21 damage)
             ... on level 1 of the Shoals.
             The game lasted 01:29:16 (39334 turns).

jt the Warrior (Gargoyle Fighter)                  Turns: 39334, Time: 01:29:17

Health: -2/118     AC: 39    Str: 24    XL:     16   Next: 86%
Magic:  16/16      EV:  9    Int: 11    God:    Wu Jian [******]
Gold:   1690       SH:  6    Dex: 11    Spells: 15/15 levels left

rFire   + . .      SeeInvis +   a - +1 war axe (elec)
rCold   + . .      Faith    .   o - +1 buckler {reflect}
rNeg    + . .      Spirit   .   W - +1 chain mail {rC+}
rPois   ∞          Reflect  +   s - +2 helmet {SInv}
rElec   +          Harm     .   O - +2 cloak
rCorr   .          Rampage  .   Z - +1 pair of gloves
Will    ++...                   I - +1 pair of boots {Stlth+}
Stlth   ..........              K - amulet of the acrobat
HPRegen 0.29/turn               n - ring of willpower
MPRegen 0.15/turn               z - ring of protection from fire

@: flying
A: sickness immunity, AC +12, big wings, negative energy resistance 1,
electricity resistance, torment resistance 1, petrification resistance
a: Renounce Religion, Wall Jump, Serpent's Lash, Heavenly Storm


You were on level 1 of the Shoals.
You worshipped Wu Jian.
Wu Jian was exalted by your worship.
You visited 4 branches of the dungeon, and saw 24 of its levels.
You visited 1 bazaar.
You also visited: Sewer, Ossuary and Gauntlet.

You collected 2480 gold pieces.
You spent 790 gold pieces at shops.

Inventory:

Hand Weapons
 a - a +1 war axe of electrocution (weapon)
 b - a +1 morningstar of freezing
 e - the +3 rapier of Res Nullius {drain, rN+ Will+ rCorr SInv}
   (You bought it in a shop in a bazaar)

   A truly terrible weapon, it drains the life of any living foe it strikes.
   rN:        It protects you from negative energy.
   SInv:      It lets you see invisible.
   rCorr:     It protects you from acid and corrosion.
   Will:      It increases your willpower.
 f - a +2 trident of venom
 V - a +4 war axe of holy wrath
Missiles
 g - 25 javelins
 m - 37 boomerangs (quivered)
 v - 2 throwing nets
 C - 28 poisoned darts
Armour
 o - a +1 buckler of reflection (worn)
 s - a +2 helmet of see invisible (worn)
 I - a +1 pair of boots of stealth (worn)
 O - a +2 cloak (worn)
 W - a +1 chain mail of cold resistance (worn)
 Z - a +1 pair of gloves (worn)
Jewellery
 n - a ring of willpower (left hand)
 w - a +6 ring of strength
 z - a ring of protection from fire (right hand)
 H - a ring of see invisible
 K - an amulet of the acrobat (around neck)
Wands
 h - a wand of flame (38)
 j - a wand of paralysis (11)
 q - a wand of polymorph (15)
 u - a wand of mindburst (19)
 F - a wand of iceblast (7)
 Q - a wand of charming (3)
 R - a wand of digging (6)
 X - a wand of acid (7)
Scrolls
 k - 2 scrolls of fog
 p - 6 scrolls of fear
 x - a scroll of silence
 y - 6 scrolls of teleportation
 E - 2 scrolls of brand weapon
 L - 4 scrolls of blinking
 M - 14 scrolls of identify
 P - 2 scrolls of holy word
 S - 2 scrolls of enchant armour
 T - 6 scrolls of immolation
 U - 3 scrolls of enchant weapon
Potions
 d - a potion of might
 i - 6 potions of magic
 l - 2 potions of cancellation
 r - 3 potions of haste
 t - 12 potions of curing
 A - 4 potions of mutation
 D - 2 potions of heal wounds
 G - 4 potions of ambrosia
 J - a potion of resistance
Miscellaneous
 c - a phantom mirror
 N - a lightning rod (4/4)
 Y - a box of beasts


   Skills:
 + Level 19.9 Fighting
 - Level 16.0 Axes
 - Level 2.0 Throwing
 + Level 16.0 Armour
 - Level 2.0 Dodging
 - Level 6.0 Shields
 - Level 5.0 Evocations


You had 15 spell levels left.
You didn't know any spells.
Your spell library contained the following spells:

 Spells                   Type           Power      Damage    Failure   Level
 Beastly Appendage        Tmut           0%         N/A       87%         1
 Sandblast                Erth           0%         2d4       87%         1
 Blink                    Tloc           0%         N/A       95%         2
 Passwall                 Tmut/Erth      0%         N/A       95%         2
 Static Discharge         Conj/Air       0%         N/A       95%         2
 Wereblood                Tmut           0%         N/A       95%         2
 Conjure Flame            Conj/Fire      0%         6-21      99%         3
 Frozen Ramparts          Ice            0%         1d2       99%         3
 Ignite Poison            Fire/Tmut/Pois 0%         N/A       99%         3
 Inner Flame              Hex/Fire       0%         N/A       99%         3
 Spider Form              Tmut/Pois      0%         N/A       99%         3
 Stone Arrow              Conj/Erth      0%         3d7       99%         3
 Tukima's Dance           Hex            0%         N/A       99%         3
 Animate Armour           Summ/Erth      0%         N/A       100%        4
 Animate Dead             Necr           0%         N/A       100%        4
 Cause Fear               Hex            0%         N/A       100%        4
 Dispel Undead            Necr           0%         3d6       100%        4
 Hailstorm                Conj/Ice       0%         3d3       100%        4
 Ice Form                 Ice/Tmut       0%         N/A       100%        4
 Leda's Liquefaction      Hex/Erth       0%         N/A       100%        4
 Olgreb's Toxic Radiance  Pois           0%         N/A       100%        4
 Passage of Golubria      Tloc           0%         N/A       100%        4
 Sticky Flame             Conj/Fire      0%         2d3       100%        4
 Summon Ice Beast         Ice/Summ       0%         N/A       100%        4
 Borgnjor's Vile Clutch   Necr/Erth      0%         N/A       100%        5
 Freezing Cloud           Conj/Ice/Air   0%         6-21      100%        5
 Lee's Rapid Deconstruct  Erth           0%         3d5*      100%        5
 Lightning Bolt           Conj/Air       0%         1d11      100%        5
 Manifold Assault         Tloc           0%         N/A       100%        5
 Summon Forest            Summ/Tloc      0%         N/A       100%        5
 Yara's Violent Unravell  Hex/Tmut       0%         3d3       100%        5
 Death Channel            Necr           0%         N/A       100%        6
 Eringya's Noxious Bog    Tmut/Pois      0%         N/A       100%        6
 Simulacrum               Ice/Necr       0%         N/A       100%        6
 Ozocubu's Refrigeration  Ice            0%         4d5       100%        7
 Storm Form               Tmut/Air       0%         N/A       100%        7
 Summon Hydra             Summ           0%         N/A       100%        7
 Discord                  Hex            0%         N/A       100%        8
 Ignition                 Fire           0%         3d3       100%        8
 Maxwell's Capacitive Co  Air            0%         ∞         100%        8
 Polar Vortex             Ice            0%         N/A       100%        9
 Statue Form              Tmut/Erth      Unusable   N/A       N/A         6

Dungeon Overview and Level Annotations

Branches:
Dungeon (15/15)            Temple (0/1) D:5            Lair (6/6) D:8
 Shoals (1/4) Lair:4       Spider (0/4) Lair:4        Slime (0/5) Lair:5
    Orc (2/2) D:11            Elf (0/3) Orc:2        Vaults (0/5) D:14
 Depths (0/4) D:15          Sewer (visited)         Ossuary (visited)
Gauntlet (visited)

Altars:
Makhleb
Uskayaw
Vehumet
Wu Jian
Yredelemnul
Beogh
Jiyva

Shops:
D:1 ?!:   D:9 [   D:12 *   Orc:2 :[[!   Shoals:1 *

Annotations:
Lair:5 4 runed translucent doors, Jufoathr Pite's ghost, journeyman MiFi
Lair:6 1 runed translucent door
Shoals:1 3 runed translucent doors, Tuvvit's ghost, adept GnTm


Innate Abilities, Weirdness & Mutations

You are immune to sickness and miasma.
Your stone body is resilient. (AC +12)
You are immune to poison.
Your large and strong wings let you fly.
You resist negative energy. (rN+)
You are resistant to electric shocks. (rElec)
You are resistant to unholy torment.
You are immune to petrification.


Message History

* * * LOW HITPOINT WARNING * * *
Unknown command.
Aiming: Corrosive Bolt
Press: ? - help, Shift-Dir - straight line, f - merfolk javelineer
Aim: a merfolk javelineer, wielding a +3 vorpal spear, wearing a +0 leather armour and quivering silver javelins (heavily wounded, 67% to hit)
Okay, then.
You feel much better.
The merfolk javelineer throws a silver javelin.
The silver javelin pierces through you!!
* * * LOW HITPOINT WARNING * * *
x2 The merfolk barely misses you.
You feel much better.
The merfolk javelineer throws a silver javelin.
The silver javelin pierces through you.
* * * LOW HITPOINT WARNING * * *
x2 The merfolk barely misses you.
Aiming: Corrosive Bolt
Press: ? - help, Shift-Dir - straight line, f - manticore
Aim: a manticore (84% to hit)
The bolt of acid hits the merfolk javelineer!!
The acid corrodes the merfolk javelineer!
The merfolk javelineer is almost dead.
The bolt of acid hits the cyclops!!
The acid corrodes the cyclops!
The cyclops is severely wounded.
The bolt of acid hits the manticore!!
The manticore is heavily wounded.
You hear a shout!
The merfolk javelineer throws a silver javelin.
The silver javelin pierces through you.
* * * LOW HITPOINT WARNING * * *
x2 The merfolk hits you from afar with a +0 trident!
* * * LOW HITPOINT WARNING * * *
Unknown command.
You slash the merfolk javelineer!
You kill the merfolk javelineer!
The Council accepts your kill.
Your Armour skill increases to level 16!
You completely miss the sea snake.
The merfolk hits you from afar with a +0 trident!!
You die...

####.≈≈≈≈≈≈≈≈≈≈≈≈≈≈≈≈≈≈≈≈≈≈≈PP≈≈≈
......≈≈≈≈≈≈≈≈≈≈≈≈≈≈≈##≈≈≈≈PP≈PP≈
≈≈.....≈≈≈≈≈≈≈≈≈≈≈#######≈PPPP≈.≈
≈.............≈≈≈≈####.≈≈####≈≈.≈
....###.......≈≈≈##≈≈##≈## ##≈≈≈
....###.#.....≈≈≈#≈≈≈≈#8# ####
.##..#..#.....≈≈≈#m≈≈≈###
..............≈≈.SC...'.
≈≈≈≈....≈.......@#....###
≈≈≈≈≈≈.≈≈≈.......#....#8# ####
≈≈≈≈≈≈≈≈≈........##..##≈## ##≈≈≈
≈≈≈≈≈≈≈≈≈≈.......≈####≈≈≈####≈≈≈≈
≈≈≈≈≈≈≈≈≈≈...............≈≈≈≈≈≈≈≈
≈≈≈≈≈≈≈≈≈≈≈≈≈≈≈........#......≈≈≈
≈≈≈≈≈≈≈≈≈≈≈≈≈≈≈≈≈≈≈≈...######.≈≈≈
≈≈≈≈≈≈≈≈≈≈≈≈≈≈≈.≈≈≈≈≈≈.# #..≈≈
≈≈≈≈≈≈≈≈≈≈≈≈≈≈≈≈≈≈≈≈≈≈.## ##...≈


You could see a sea snake, a merfolk (strong) and a cyclops (corroded).

Vanquished Creatures
  Roxanne (D:14)
  A frost giant (D:15)
  A minotaur (Gauntlet)
  Azrael (Orc:2)
  A merfolk javelineer (Shoals:1)
  A merfolk impaler (Shoals:1)
  A rakshasa (D:12)
  A fire dragon (D:15)
  4 boulder beetles
  11 hydras
  3 death knights
  A catoblepas (D:14)
  2 dancing weapons (D:14)
  5 death yaks
  An alligator (Lair:6)
  4 centaur warriors
  7 two-headed ogres
  9 tengu warriors
  4 orc high priests (Orc:2)
  Sonja (Lair:4)
  Urug (Orc:1)
  2 skeletal warriors (D:15)
  2 sixfirhies (Gauntlet)
  3 sea snakes (Shoals:1)
  3 lindwurms
  8 harpies (Shoals:1)
  15 ugly things
  4 orc sorcerers (Orc:2)
  7 orc knights
  4 deep elf pyromancers (D:14)
  5 cyclopes
  11 fauns (Shoals:1)
  2 merfolk sirens (Shoals:1)
  3 manticores
  4 black mambas
  Maurice (D:9)
  5 elephants
  5 torpor snails (Lair:6)
  11 cane toads
  A smoke demon (Gauntlet)
  3 gargoyles
  3 unseen horrors
  3 rime drakes
  2 minotaur zombies (Gauntlet)
  An efreet (D:15)
  An unseen horror (shapeshifter) (D:15)
  6 freezing wraiths
  A tengu conjurer (D:15)
  2 komodo dragons
  An ice devil (Gauntlet)
  A red devil (Gauntlet)
  8 trolls
  4 merfolk (Shoals:1)
  A wind drake (Shoals:1)
  7 polar bears
  Prince Ribbit (D:7)
  3 tyrant leeches (Lair:6)
  8 hornets
  11 blink frogs
  11 dream sheep
  17 slime creatures
  A jumping spider (D:12)
  5 wraiths
  A shadow (D:11)
  Sigmund (D:4)
  3 water elementals (D:11)
  2 vampires
  2 wyverns
  24 yaks
  5 basilisks
  4 fire elementals (Orc:2)
  Menkaure (D:4)
  6 steam dragons
  A vampire mosquito (D:8)
  6 wargs
  3 redbacks (D:12)
  A redback simulacrum (D:15)
  2 acid dragons
  11 water moccasins
  An ice beast (D:8)
  39 orc warriors
  5 sky beasts
  14 wolves
  8 ogres
  8 centaurs
  A phantom (D:7)
  9 kobold brigands
  Blork the orc (D:4)
  13 bullfrogs
  2 necrophages
  A gnoll sergeant (D:10)
  2 scorpions
  14 wights
  10 killer bees
  5 electric eels (D:11)
  7 howler monkeys
  2 crimson imps (Gauntlet)
  A human zombie (Ossuary)
  5 hounds
  10 jellies
  30 orc priests
  2 gnoll shamans
  2 iguanas (D:4)
  4 hell rats (Lair:6)
  14 orc wizards
  Robin (D:4)
  4 mummies
  19 gnolls
  8 river rats
  13 adders
  A shadow imp (D:5)
  7 white imps
  An ufetubus (D:5)
  6 worms
  2 dart slugs
  111 orcs
  6 bats
  20 endoplasms
  2 giant cockroaches
  A gnoll zombie (Ossuary)
  12 goblins
  11 hobgoblins
  4 quokkas
  13 ball pythons
  4 frilled lizards
  A goblin zombie (Ossuary)
  A hobgoblin zombie (Ossuary)
  29 kobolds
  4 kobold zombies (Ossuary)
  14 rats
  A fire vortex (D:14)
837 creatures vanquished.

Vanquished Creatures (collateral kills)
  Saint Roka (Orc:2)
  Rupert (D:14)
  A fire dragon (D:14)
  A boulder beetle (D:14)
  A manticore (D:14)
  An orc sorcerer (Orc:2)
  A vampire (D:14)
  2 orc warriors (Orc:2)
  An orc (Orc:2)
10 creatures vanquished.

Vanquished Creatures (others)
  A sky beast (D:9)
  46 fungi
  55 plants
102 creatures vanquished.

Grand Total: 949 creatures vanquished

Notes
Turn   | Place    | Note
-------+----------+-------------------------------------------
     0 | D:1      | jt the Gargoyle Fighter began the quest for the Orb.
     0 | D:1      | Reached XP level 1. HP: 14/14 MP: 1/1
    14 | D:1      | Found Orrungimm's Book Emporium.
   129 | D:1      | Found Felysk's Distillery.
   189 | D:1      | Reached XP level 2. HP: 19/19 MP: 2/2
   666 | D:1      | Reached XP level 3. HP: 17/23 MP: 3/3
   913 | D:1      | Found Inap Zydin's Magic Scroll Boutique.
  1587 | D:2      | Found a radiant altar of Vehumet.
  1640 | D:2      | You fall into a shaft and drop 1 floor!
  1652 | D:3      | Reached XP level 4. HP: 24/28 MP: 4/4
  1764 | D:3      | Found a faded altar of an unknown god.
  1867 | D:3      | Prayed at the altar of an unknown god.
  1867 | D:3      | Became a worshipper of the Wu Jian Council
  1867 | D:3      | Reached * piety under Wu Jian
  1894 | D:3      | Reached XP level 5. HP: 31/32 MP: 5/5
  2119 | D:2      | Reached skill level 5 in Shields
  2719 | D:1      | Bought a potion of curing for 39 gold pieces
  3513 | D:4      | Found a sand-covered staircase.
  3539 | Ossuary  | Entered an ossuary
  3539 | Ossuary  | Noticed a wraith
  3539 | Ossuary  | Noticed a wraith
  3539 | Ossuary  | Noticed a wraith
  3566 | Ossuary  | Reached XP level 6. HP: 34/37 MP: 6/6
  3581 | Ossuary  | Noticed a wraith
  3594 | Ossuary  | Killed a wraith
  3825 | Ossuary  | Reached skill level 4 in Fighting
  4149 | Ossuary  | Reached XP level 7. HP: 37/43 MP: 7/7
  4333 | D:4      | Noticed Menkaure
  4341 | D:4      | Killed Menkaure
  4342 | D:4      | Reached skill level 5 in Axes
  4417 | D:4      | Reached ** piety under Wu Jian
  4506 | D:4      | Noticed Robin
  4522 | D:4      | Killed Robin
  4523 | D:4      | Reached skill level 5 in Fighting
  4693 | D:4      | Noticed Sigmund
  4694 | D:4      | Noticed Blork the orc
  4874 | D:4      | Killed Sigmund
  4875 | D:4      | Reached skill level 6 in Fighting
  4875 | D:4      | Reached XP level 8. HP: 46/51 MP: 8/8
  4877 | D:4      | Killed Blork the orc
  5330 | D:5      | Entered Level 5 of the Dungeon
  5456 | D:5      | Reached skill level 7 in Fighting
  5458 | D:5      | Reached *** piety under Wu Jian
  5938 | D:5      | Found a staircase to the Ecumenical Temple.
  6318 | D:6      | Reached XP level 9. HP: 59/59 MP: 9/9
  6359 | D:6      | Reached skill level 8 in Fighting
  6675 | D:6      | Found a glowing drain.
  6692 | Sewer    | Entered a sewer
  6991 | Sewer    | Reached skill level 9 in Fighting
  7158 | Sewer    | Reached **** piety under Wu Jian
  7730 | D:7      | Noticed a two-headed ogre
  8082 | D:1      | Bought a scroll of blinking for 97 gold pieces
  8346 | D:7      | Killed a two-headed ogre
  8347 | D:7      | Reached skill level 10 in Fighting
  8347 | D:7      | Reached XP level 10. HP: 68/68 MP: 10/10
  8404 | D:7      | Noticed Prince Ribbit
  8456 | D:7      | Killed Prince Ribbit
  9117 | D:8      | Reached skill level 11 in Fighting
  9209 | D:8      | Noticed a two-headed ogre
  9213 | D:8      | Reached skill level 10 in Axes
  9233 | D:8      | Killed a two-headed ogre
  9400 | D:8      | Noticed an eight-headed hydra
  9422 | D:8      | Killed an eight-headed hydra
  9423 | D:8      | Reached skill level 12 in Fighting
  9566 | D:8      | Reached XP level 11. HP: 74/76 MP: 11/11
  9591 | D:8      | Noticed a four-headed hydra
  9597 | D:8      | Noticed a centaur warrior
  9598 | D:8      | Killed a five-headed hydra
  9604 | D:8      | Killed a centaur warrior
  9612 | D:8      | Noticed a two-headed ogre
  9872 | D:8      | Noticed a green ugly thing
  9892 | D:8      | Killed a green ugly thing
 10122 | D:8      | Noticed a cyclops
 10138 | D:8      | Killed a cyclops
 10139 | D:8      | Reached skill level 13 in Fighting
 10307 | D:8      | Identified the +10 rapier of Revolt {protect, Fly rN+}
 10393 | D:8      | Killed a two-headed ogre
 10676 | D:8      | Found a staircase to the Lair.
 10686 | D:8      | Noticed a brown ugly thing
 10697 | D:8      | Killed a brown ugly thing
 10773 | Lair:1   | Entered Level 1 of the Lair of Beasts
 10814 | Lair:1   | You fall into a shaft and drop 1 floor!
 10833 | Lair:2   | Reached skill level 1 in Evocations
 10892 | Lair:2   | Reached ***** piety under Wu Jian
 12068 | Lair:1   | Reached XP level 12. HP: 39/84 MP: 12/12
 12258 | Lair:2   | Reached skill level 5 in Armour
 12258 | Lair:2   | Identified the +0 leather armour of Follow the Leader {rC+
                  | Str-3 Int+2 SInv}
 12351 | Lair:2   | Found a basalt altar of Yredelemnul.
 13350 | Lair:3   | Noticed a seven-headed hydra
 13354 | Lair:3   | Killed a seven-headed hydra
 13479 | Lair:3   | Reached skill level 14 in Fighting
 13879 | Lair:4   | Found a staircase to the Shoals.
 14205 | Lair:4   | Noticed a five-headed hydra
 14212 | Lair:4   | Killed a five-headed hydra
 14389 | Lair:4   | Noticed a death yak
 14389 | Lair:4   | Noticed a death yak
 14389 | Lair:4   | Noticed a death yak
 14393 | Lair:4   | Noticed a death yak
 14426 | Lair:4   | Killed a death yak
 14429 | Lair:4   | Noticed a four-headed hydra
 14432 | Lair:4   | Killed a death yak
 14433 | Lair:4   | Noticed a death yak
 14587 | Lair:4   | Noticed Sonja
 14625 | Lair:4   | Killed Sonja
 14626 | Lair:4   | Found a hole to the Spider Nest.
 14762 | Lair:4   | Killed a four-headed hydra
 14763 | Lair:4   | Reached skill level 5 in Evocations
 14779 | Lair:4   | Reached skill level 1 in Throwing
 15085 | Lair:3   | Killed a death yak
 15185 | Lair:3   | Killed a death yak
 15289 | Lair:4   | Killed a death yak
 15290 | Lair:4   | Reached XP level 13. HP: 58/91 MP: 13/13
 16729 | Lair:4   | Reached skill level 15 in Fighting
 16922 | Lair:5   | Found a runed translucent door.
 16922 | Lair:5   | Found a viscous altar of Jiyva.
 16922 | Lair:5   | Found a staircase to the Slime Pits.
 16980 | Lair:5   | Found a runed translucent gate.
 16980 | Lair:5   | Found a runed translucent gate.
 16980 | Lair:5   | Found a runed translucent gate.
 16981 | Lair:5   | Noticed Jufoathr Pite's ghost (journeyman MiFi)
 18284 | Lair:6   | Entered Level 6 of the Lair of Beasts
 18577 | Lair:6   | Reached skill level 1 in Dodging
 20046 | Lair:6   | Reached skill level 10 in Armour
 20176 | Lair:6   | Gained mutation: Your large and strong wings let you fly.
                  | [Gargoyle growth]
 20176 | Lair:6   | Reached XP level 14. HP: 87/99 MP: 14/14
 20379 | Lair:6   | Reached skill level 16 in Fighting
 20431 | Lair:6   | Found a runed translucent door.
 21648 | D:9      | Found Tois Ott's Antique Armour Boutique.
 21999 | D:9      | Reached ****** piety under Wu Jian
 22046 | D:9      | Noticed Maurice
 22057 | D:9      | Killed Maurice
 22242 | D:10     | Entered Level 10 of the Dungeon
 22409 | D:10     | Found a basalt altar of Yredelemnul.
 23612 | D:10     | Identified the +0 robe "Fyoti" {rElec Slay+6}
 24085 | D:11     | Found a flickering gateway to a bazaar.
 24107 | Bazaar   | Entered a bazaar
 24120 | Bazaar   | Found Agemuk's Antique Weapon Boutique.
 24134 | Bazaar   | Found Abrekisare's Book Emporium.
 24138 | Bazaar   | Found Ceuniur's General Store.
 24141 | Bazaar   | Found Ohosul's Antique Weapon Shop.
 24169 | Bazaar   | Bought a pitted rapier for 135 gold pieces
 24169 | Bazaar   | Identified the +3 rapier of Res Nullius {drain, rN+ Will+
                  | rCorr SInv} (You bought it in a shop in a bazaar)
 24189 | Bazaar   | Bought a wand of mindburst (12) for 208 gold pieces
 24189 | Bazaar   | Bought a potion of heal wounds for 65 gold pieces
 24196 | Bazaar   | Bought a steaming dagger for 182 gold pieces
 24196 | Bazaar   | Identified the +5 dagger of the Slime-mould {flame, Fragile
                  | rN+ Will+ rCorr} (You bought it in a shop in a bazaar)
 24345 | D:11     | Found a staircase to the Orcish Mines.
 24418 | Orc:1    | Entered Level 1 of the Orcish Mines
 24700 | Orc:1    | Noticed Urug
 24713 | Orc:1    | Killed Urug
 24922 | Orc:1    | Found a burning altar of Makhleb.
 25020 | Orc:2    | Entered Level 2 of the Orcish Mines
 25722 | Orc:2    | Noticed Saint Roka
 26578 | Orc:2    | Killed Saint Roka
 26579 | Orc:2    | Reached skill level 17 in Fighting
 26856 | Orc:2    | Found Zofiasy's Armour Boutique.
 26988 | Orc:2    | Found Moeczioc's Book Shop.
 27101 | Orc:2    | Noticed Azrael
 27105 | Orc:2    | Reached XP level 15. HP: 85/107 MP: 15/15
 27109 | Orc:2    | Reached skill level 15 in Axes
 27123 | Orc:2    | Killed Azrael
 28346 | Orc:2    | Found Lihol's Distillery.
 28411 | Orc:2    | Found Mevvit's Armour Shop.
 29082 | Orc:2    | Found a staircase to the Elven Halls.
 30851 | D:12     | Found Zikk's CLEARANCE SALE!.
 30861 | D:12     | Bought a wand of acid (4) for 64 gold pieces
 32635 | D:13     | Reached skill level 18 in Fighting
 33590 | D:14     | Found a gate leading to a gauntlet.
 33594 | D:14     | Noticed Rupert
 33615 | D:14     | Killed Rupert
 33624 | D:14     | Found a transporter.
 33629 | D:14     | Found a transporter.
 33633 | D:14     | Found a transporter.
 33633 | D:14     | Found a transporter.
 33658 | Gauntlet | Entered a Gauntlet
 33658 | Gauntlet | Found a transporter.
 33664 | Gauntlet | Found a transporter.
 33672 | Gauntlet | Found a transporter.
 33674 | Gauntlet | Found a transporter.
 33683 | Gauntlet | Found a transporter.
 33699 | Gauntlet | Found a runed translucent door.
 33700 | Gauntlet | Found a transporter.
 33710 | Gauntlet | Found a transporter.
 33714 | Gauntlet | Found a runed translucent door.
 33720 | Gauntlet | Found a transporter.
 33724 | Gauntlet | Found a transporter.
 33724 | Gauntlet | Found a transporter.
 33811 | Gauntlet | Found a transporter.
 33811 | Gauntlet | Found a transporter.
 33821 | Gauntlet | Found a transporter.
 33956 | Gauntlet | Found a transporter.
 34042 | Gauntlet | Noticed an emperor scorpion
 34042 | Gauntlet | a quicksilver ooze changed into an emperor scorpion
 34044 | Gauntlet | an emperor scorpion changed into a five-headed hydra
 34047 | Gauntlet | Noticed a ghost moth
 34047 | Gauntlet | a great orb of eyes changed into a ghost moth
 34049 | Gauntlet | a ghost moth changed into a broodmother
 34389 | Gauntlet | Identified the +5 scimitar "Nuatuse" {elec, Str+5 Dex+4}
 34433 | D:14     | Found a transporter.
 34433 | D:14     | Found a transporter.
 34448 | D:14     | Reached XP level 16. HP: 70/116 MP: 16/16
 34768 | D:14     | Found a gate to the Vaults.
 35518 | D:14     | Found a hide-covered altar of Uskayaw.
 35556 | D:14     | Identified Roxanne's Reference Book on Earth
 35556 | D:14     | Noticed Roxanne
 35581 | D:14     | Killed Roxanne
 35811 | D:15     | Entered Level 15 of the Dungeon
 36214 | D:15     | Reached skill level 19 in Fighting
 36833 | D:15     | Reached skill level 15 in Armour
 37418 | D:15     | Found a staircase to the Depths.
 37793 | Shoals:1 | Entered Level 1 of the Shoals
 38230 | Shoals:1 | Found Meuwk's Merry Market.
 38478 | Shoals:1 | Found a runed translucent door.
 38521 | Shoals:1 | Found a runed translucent gate.
 38521 | Shoals:1 | Found a runed translucent gate.
 38521 | Shoals:1 | Found a runed translucent gate.
 38521 | Shoals:1 | Noticed Tuvvit's ghost (adept GnTm)
 39334 | Shoals:1 | Slain by a merfolk

Illustrated notes

Levels and vault maps discovered:
D:1:      psy_arrival_fountain, layout_basic, serial_shops, shop, shop,
          nicolae_shop_stone, minmay_unequal
D:2:      layout_basic, basic_altar, chequers_serial_rivers_small_a
D:3:      layout_loops_ring, shapermc_ecumenical_altar_totnotflames
D:4:      layout_basic, gup_ossuary_entry_pyramid, grunt_ministairs_3,
          uniq_sigmund, uniq_blork_the_orc, uniq_robin, uniq_menkaure
D:5:      layout_rooms, minmay_temple_entry_tees, grunt_decor_resistance
D:6:      layout_loops_cross, portal_sewer_entry_d,
          chequers_serial_rivers_large_b
D:7:      layout_basic, serial_rivers, chequers_serial_rivers_room_b,
          chequers_serial_rivers_micro_a, chequers_serial_rivers_micro_e,
          chequers_serial_rivers_small_a, chequers_serial_rivers_large_a,
          chequers_serial_rivers_micro_b, uniq_prince_ribbit1
D:8:      layout_rooms, lair_entry_dummy, kennysheep_nub, minmay_the_grid_2x2
          [minmay_the_grid_minigrid_large, minmay_the_grid_stretched_grid,
          minmay_the_grid_medium_cups, minmay_the_grid_prize_inner_circle]
D:9:      layout_roguey, serial_shops, shop, hangedman_misty_isle, uniq_maurice
D:10:     lemuel_slime, layout_long_grid, mainiacjoe_overflow_boulevard,
          nrook_pool_corridor, minmay_pinched_square
D:11:     layout_roguey, hiddenorc2_lemuel, serial_shops, bzr_entry_islet,
          serial_bayou, serial_bayou_lagoon_b, serial_bayou_pond_b,
          serial_bayou_shore_a, serial_bayou_ford_a
D:12:     layout_layer_cave, serial_bayou_lagoon_a, nicolae_shop_clearance
D:13:     layout_cave_pods
D:14:     layout_long_grid, erik_vaults_1, nicolae_uskayaw_suspiria,
          gauntlet_entry_generic, chequers_jeans, serial_nicolae_subway,
          nicolae_sub_station_metal, nicolae_sub_station_crystal,
          nicolae_sub_station_stone, uniq_roxanne, uniq_rupert
D:15:     grunt_enter_depths_snipers, layout_basic, hangedman_decor_lopped
Lair:1:   layout_loops_ring
Lair:2:   layout_regular_city, basic_altar, lemuel_fruit_tree,
          grunt_megastairs_1
Lair:3:   layout_gridlike, columned_hall_lemuel, amcnicky_mini_pool_medium
Lair:4:   layout_hall_layers, shoals_dummy_entry, spider_nest_entry_web_field,
          serial_bayou_pond_b, st_stairs_7, uniq_sonja
Lair:5:   layout_loops_ring, slime_altar_2, gammafunk_ghost_necromancy,
          cheibrodos_lair_lostbears
Lair:6:   wormcave, layout_small_grid, kennysheep_abandoned_house
Shoals:1: layout_shoals, ebering_ghost_rock_garden, nicolae_alphabet_shops,
          lightli_airlock
Orc:1:    layout_diamond_mine, basic_altar, lemuel_statue_altar, uniq_urug
Orc:2:    pubby_orc_utopia, serial_shops, uniq_azrael

Skill      XL: |  1  2  3  4  5  6  7  8  9 10 11 12 13 14 15 16 |
---------------+-------------------------------------------------+-----
Axes           | 2 3 4 6 7 9 10 12 13 14 16 | 16.0
Shields        | 4 5 6 |  6.0
Fighting       | 4 6 7 10 12 13 14 15 17 18 19 | 19.9
Evocations     | 2 5 |  5.0
Armour         | 4 7 10 12 13 16 | 16.0
Throwing       | 2 |  2.0
Dodging        | 2 |  2.0

Action                   |  1- 3 |  4- 6 |  7- 9 | 10-12 | 13-15 | 16-18 || total
-------------------------+-------+-------+-------+-------+-------+-------++-------
Melee: War axe           |   100 |   166 |   332 |   409 |  1723 |   428 ||  3158
       Spear             |       |       |     5 |       |       |       ||     5
       Morningstar       |       |       |       |    23 |    45 |       ||    68
 Fire: Hand crossbow     |       |       |       |       |     1 |       ||     1
Throw: Boomerang         |       |    10 |    30 |    40 |    10 |       ||    90
       Javelin           |       |     2 |     2 |       |       |       ||     4
       Dart              |       |       |    13 |    68 |    29 |     5 ||   115
Invok: Lunge             |       |     3 |    10 |    10 |    80 |    25 ||   128
       Whirlwind         |       |       |     6 |     3 |     8 |     7 ||    24
       Serpent's Lash    |       |       |       |     1 |       |       ||     1
       Heavenly Storm    |       |       |       |       |       |     1 ||     1
Evoke: Wand              |       |       |       |     8 |    24 |     9 ||    41
       Piece from Xom's  |       |       |       |       |     1 |       ||     1
       Box of beasts     |       |       |       |       |     1 |       ||     1
  Use: Scroll            |     5 |     5 |     8 |     2 |     9 |     2 ||    31
       Potion            |       |     3 |     7 |     2 |     3 |     5 ||    20
 Stab: Invisible         |       |       |     1 |       |       |       ||     1
       Distracted        |       |       |       |       |     2 |       ||     2
Armor: Scale mail        |    60 |    90 |   230 |    88 |       |       ||   468
       Plate armour      |       |       |       |   203 |   748 |       ||   951
       Chain mail        |       |       |       |       |   451 |   328 ||   779
Dodge: Dodged            |    50 |    58 |   150 |   149 |   466 |   156 ||  1029
Block: Buckler           |    21 |    50 |    75 |   114 |   315 |   114 ||   689
       Reflection        |       |       |       |       |       |     4 ||     4

Table legend: (Time is in decaauts)
 A = Elapsed time spent in this place.
 B = Non-inter-level travel time spent in this place.
 C = Inter-level travel time spent in this place.
 D = Time resting spent in this place.
 E = Time spent auto-exploring this place.
 F = Levels seen in this place.
 G = Mean time per level.
                   A        B        C        D        E       F      G
               +--------+--------+--------+--------+--------+-----+--------+
         Total |  39382 |  37163 |   2219 |  12871 |  15364 |  28 | 1406.5 |
       Dungeon |  20171 |  18852 |   1319 |   5626 |   8339 |  15 | 1344.7 |
          Lair |  11430 |  10819 |    611 |   4899 |   3963 |   6 | 1905.0 |
        Shoals |   1238 |   1238 |      0 |    235 |    734 |   1 | 1238.0 |
  Orcish Mines |   4156 |   3868 |    288 |   1399 |   1454 |   2 | 2078.0 |
        Bazaar |    115 |    115 |      0 |      0 |     40 |   1 |  115.0 |
         Sewer |    780 |    780 |      0 |      0 |    514 |   1 |  780.0 |
       Ossuary |    755 |    755 |      0 |    341 |    234 |   1 |  755.0 |
      Gauntlet |    734 |    734 |      0 |    371 |     86 |   1 |  734.0 |
               +--------+--------+--------+--------+--------+-----+--------+

Top non-repeatable levels by time:
  Lair:6: 3346 daAuts
   Orc:2: 3150 daAuts
  Lair:4: 2774 daAuts
    D:12: 1842 daAuts
  Lair:5: 1751 daAuts
    D:14: 1584 daAuts
    D:15: 1542 daAuts
    D:11: 1501 daAuts
     D:8: 1487 daAuts
    D:10: 1486 daAuts
     D:1: 1479 daAuts
    D:13: 1382 daAuts
     D:3: 1275 daAuts
  Lair:2: 1273 daAuts
     D:7: 1268 daAuts
